Map: King's Cove LE

Players

liquidthermy (uThermal)

  • Race: Terran Terran
  • Spawn Location: 11:00

HateMe - Winner!

  • Race: Zerg Zerg
  • Spawn Location: 5:00

Event: 2019 WCS Winter Europe

VOD

Have the link to the VOD?

Description

Time

  • Played on: Feb. 15, 2019, 10:51 a.m.
  • Length: 19:49

All games in this series

Show
View Real Time Build Order
Export as new Build Order

liquidthermy Terran 

Build Orders: Hellion Banshee 

Get SALT Encoding   

  12  0:01  SCV  
  13  0:13  SCV  
  14  0:18  Supply Depot  
  14  0:25  SCV  
  15  0:29  Refinery  
  15  0:39  SCV  
  16  0:45  Barracks  
  16  0:51  SCV  
  17  1:04  SCV  
  18  1:16  SCV  
  20  1:32  Reaper  
  20  1:33  Orbital Command  
  20  1:44  Command Center  
  20  1:55  Factory  
  20  1:58  SCV  
  21  2:06  Barracks Reactor  
  21  2:10  SCV  
  21  2:14  Supply Depot  
  22  2:23  SCV  
  22  2:24  Refinery  
  23  2:36  SCV  
  24  2:43  Starport  
  24  2:48  SCV  
  24  2:49  Hellion x2  
  29  2:54  Barracks Tech Lab  
  29  3:00  SCV  
  29  3:01  Orbital Command  
  30  3:10  Hellion  
  30  3:11  Hellion  
  30  3:12  SCV  
  35  3:24  SCV  
  35  3:25  Cloaking Field, Supply Depot  
  37  3:27  SCV  
  37  3:33  Banshee  
  40  3:37  SCV  
  40  3:39  Hellion  
  43  3:45  Hellion  
  43  3:46  SCV  
  46  3:49  SCV  
  46  3:56  Supply Depot  
  46  3:58  SCV  
  46  4:00  Marine  
  50  4:02  Hellion  
  50  4:05  SCV  
  50  4:07  Hellion  
  53  4:11  SCV  
  54  4:19  Supply Depot  
  54  4:21  SCV  
  54  4:23  SCV, Banshee, Barracks Tech Lab  
  59  4:36  SCV  
  59  4:37  Command Center  
  59  4:38  SCV  
  61  4:42  Marine  
  61  4:44  Stimpack  
  62  4:48  SCV  
  62  4:50  SCV  
  62  4:51  Factory Reactor  
  64  5:00  SCV, Marine  
  64  5:01  Barracks x2  
  64  5:06  SCV  
  67  5:15  Engineering Bay  
  67  5:16  Engineering Bay, Refinery  
  67  5:17  Refinery  
  67  5:18  Marine  
  67  5:20  SCV  
  69  5:21  Supply Depot  
  69  5:26  Starport Reactor  
  69  5:27  SCV  
  70  5:42  Marine  
  70  5:43  Terran Infantry Weapons Level 1, SCV x2, Terran Infantry Armor Level 1, Siege Tank, Supply Depot  
  70  5:49  SCV  
  75  5:55  SCV x2, Marine  
  74  6:00  Marine  
  76  6:05  Orbital Command, Marine  
  76  6:07  SCV x2  
  78  6:11  Marine  
  78  6:13  Marine  
  78  6:15  Siege Tank  
  83  6:18  Marine  
  83  6:19  SCV x2  
  83  6:20  Barracks x2  
  83  6:22  Medivac  
  88  6:27  Marine x2  
  88  6:29  Marine  
  88  6:31  SCV x2  
  93  6:35  Orbital Command  
  93  6:37  Marine x2  
  93  6:38  Armory  
  95  6:40  Supply Depot  
  95  6:43  SCV  
  95  6:45  SCV, Marine  
  95  6:46  Supply Depot  
  98  6:48  Marine x2  
  100  6:55  SCV  
  100  7:01  Supply Depot  
  101  7:02  SCV, Medivac x2, Siege Tank  
  101  7:07  SCV, Marine x2  
  112  7:11  Barracks Reactor  
  112  7:12  Marine x2, Barracks Reactor  
  112  7:13  Supply Depot  
  112  7:14  SCV, Marine  
  116  7:16  Combat Shield  
  116  7:17  SCV  
  116  7:22  SCV  
  118  7:25  Marine x2  
  120  7:30  Marine  
  120  7:31  Supply Depot  
  120  7:32  Marine x2  
  120  7:33  Supply Depot  
  123  7:37  SCV  
  123  7:38  Terran Infantry Weapons Level 2, Terran Infantry Armor Level 2  
  123  7:40  Siege Tank  
  123  7:44  Marine  
  128  7:45  Supply Depot, Marine  
  128  7:46  Supply Depot  
  128  7:48  Marine x3  
  128  7:49  Marine  
  133  7:53  Marine  
  133  7:55  Marine  
  133  7:56  Medivac, Marine  
  133  7:57  Supply Depot  
  138  8:01  Marine  
  138  8:03  Marine  
  140  8:06  Marine x2  
  140  8:10  Marine  
  143  8:13  Siege Tank  
  143  8:15  Command Center, Supply Depot  
  143  8:18  Medivac  
  143  8:19  Marine  
  149  8:22  Terran Vehicle Weapons Level 1, Supply Depot  
  149  8:26  Marine x2  
  151  8:28  Marine x2  
  151  8:29  Marine x2  
  151  8:31  Medivac  
  157  8:36  Marine  
  157  8:37  Supply Depot, Marine  
  157  8:41  Supply Depot  
  152  8:45  Marine  
  138  8:49  Medivac, Marine x3  
  138  8:51  Siege Tank, Marine  
  138  8:52  Marine  
  138  8:54  SCV x3  
  150  9:05  Barracks  
  150  9:06  SCV, Marine, Barracks x2  
  150  9:07  Marine  
  153  9:11  SCV, Marine  
  153  9:12  Marine x2  
  157  9:20  Medivac, Marine x2  
  157  9:22  Marine x2  
  157  9:23  Siege Tank  
  166  9:26  Planetary Fortress  
  166  9:28  Marine x2  
  166  9:30  SCV  
  166  9:31  SCV  
  170  9:32  SCV  
  170  9:33  Marine  
  170  9:34  Marine  
  170  9:37  Marine  
  170  9:38  Marine  
  175  9:39  Marine  
  175  9:40  Marine x2  
  175  9:42  SCV  
  179  9:45  Marine  
  179  9:46  Marine  
  179  9:51  Marine  
  179  9:52  Marine  
  183  9:53  Marine  
  183  9:54  Marine x2  
  183  9:55  Marine  
  183  9:56  Marine  
  183  9:57  Marine x2  
  183  9:58  Marine  
  191  10:01  Siege Tank  
  191  10:03  Marine  
  191  10:04  Command Center  
  191  10:05  Factory  
  195  10:10  Factory  
  195  10:12  Marine  
  195  10:14  Marine x2  
  198  10:21  Marine x2  
  200  10:35  Marine x3  
  188  10:42  Siege Tank, Marine x6  
  189  10:43  Marine x3  
  189  10:45  Terran Infantry Armor Level 3  
  189  10:53  Marine x3  
  136  11:00  Marine x9  
  129  11:04  Medivac  
  129  11:07  Factory Tech Lab  
  129  11:08  Factory Tech Lab  
  129  11:11  Marine x3  
  124  11:14  Siege Tank  
  124  11:15  Command Center  
  124  11:18  Marine x7  
  130  11:20  SCV x4  
  130  11:21  Marine x2  
  141  11:28  Siege Tank, Marine  
  141  11:30  Marine x2  
  141  11:32  SCV  
  148  11:33  SCV x2  
  148  11:34  Terran Infantry Weapons Level 3  
  148  11:35  SCV  
  148  11:36  Marine x4  
  157  11:40  Marauder, Marine x4  
  157  11:44  SCV  
  157  11:46  Marine  
  163  11:47  Siege Tank, Marine  
  163  11:48  SCV, Marine  
  163  11:53  Marine  
  163  11:54  Marine x3  
  170  11:58  Marine x2  
  170  12:00  Marine x2  
  172  12:03  Marine, Refinery  
  172  12:04  Refinery, Marine  
  172  12:05  Marine  
  172  12:06  Siege Tank, Marine  
  178  12:09  Planetary Fortress  
  178  12:11  SCV, Marine  
  178  12:12  Marine x3  
  180  12:16  Marine  
  180  12:19  Command Center  
  181  12:25  Marine  
  181  12:26  Marine x5  
  181  12:29  Marine  
  192  12:30  Siege Tank, Marine x2  
  192  12:35  SCV  
  192  12:36  Siege Tank, Marine  
  197  12:40  Siege Tank  
  199  12:50  Marine  
  200  12:58  Ghost Academy  
  200  13:02  Marine  
  200  13:05  Marine  
  184  13:11  Marine x2  
  176  13:14  SCV, Marine x2  
  176  13:15  SCV x3  
  176  13:17  Marine  
  166  13:26  SCV  
  144  13:27  SCV x3  
  144  13:32  Medivac, Marine  
  144  13:33  Marine x2  
  144  13:34  Marauder, Marine  
  137  13:38  Marine x2  
  137  13:39  SCV x4  
  142  13:43  Marine x2  
  142  13:44  Siege Tank  
  142  13:45  Siege Tank x2  
  142  13:47  Marine  
  150  13:49  Medivac, Marine  
  150  13:50  Marine x2  
  150  13:51  SCV x4, Marine x2  
  150  13:52  Marine  
  150  13:55  Marauder  
  147  13:56  Marine  
  147  14:02  Marine x2  
  150  14:03  SCV x2  
  150  14:05  Medivac  
  150  14:07  Marine  
  150  14:09  SCV  
  156  14:10  SCV  
  156  14:15  SCV  
  156  14:16  Planetary Fortress, Siege Tank  
  156  14:17  Marauder  
  163  14:20  Missile Turret, Marine x2  
  163  14:21  Marine  
  166  14:25  Medivac  
  166  14:29  Marine x2  
  169  14:31  Marine  
  169  14:33  Marine x2  
  169  14:35  Medivac  
  169  14:37  Orbital Command  
  169  14:38  Marauder, Marine  
  176  14:39  Marine  
  176  14:41  Siege Tank  
  176  14:42  Siege Tank  
  176  14:45  SCV x2, Marine  
  188  14:47  Marine x2  
  188  14:51  Barracks Tech Lab x2  
  189  14:54  SCV  
  189  14:57  Barracks Tech Lab  
  190  15:05  Siege Tank  
  190  15:13  Siege Tank  
  193  15:16  Marine  
  193  15:17  Marauder  
  199  15:21  Siege Tank, Marine  
  161  15:36  Marine x2  
  161  15:37  Marauder  
  161  15:38  Medivac, Marine  
  123  15:43  Marine x5  
  123  15:44  Marauder x2  
  114  15:54  Marine x2  
  114  15:56  SCV x3, Marine  
  105  15:58  Siege Tank, Marine  
  105  16:01  Marine x5  
  111  16:05  SCV, Marauder  
  111  16:08  Medivac, Siege Tank  
  117  16:12  Marine x2  
  117  16:13  Refinery  
  117  16:14  SCV x2, Marine, Command Center, Refinery  
  117  16:15  SCV  
  117  16:16  Supply Depot, Marine  
  117  16:17  Supply Depot  
  124  16:18  Marine  
  124  16:19  SCV, Marine x4  
  124  16:20  SCV x2  
  132  16:26  SCV, Marine x2  
  132  16:28  SCV  
  132  16:30  Marine x2  
  132  16:32  SCV, Marine  
  139  16:33  Marine  
  139  16:36  Siege Tank, Marine x2  
  139  16:37  Marine  
  139  16:38  Marine  
  139  16:39  Marine  
  148  16:41  Siege Tank  
  148  16:43  Medivac  
  148  16:44  Marine x2  
  155  16:48  Marine  
  155  16:52  Marine  
  155  16:53  Marine x2  
  159  16:55  Marine  
  159  16:56  Missile Turret, Marine x2  
  159  16:59  Missile Turret, Marine x2  
  164  17:02  Marine  
  164  17:03  Factory Tech Lab  
  164  17:04  Marine  
  164  17:05  Marine  
  167  17:08  Siege Tank  
  167  17:09  Medivac  
  167  17:10  Marine x2  
  167  17:11  Marine  
  167  17:13  Marine  
  177  17:20  Marine x2  
  177  17:21  Marine x2  
  177  17:22  Marine  
  181  17:23  Siege Tank  
  181  17:29  Marine  
  185  17:31  Siege Tank  
  185  17:32  Marine  
  185  17:33  Marine  
  190  17:37  Marine x2  
  190  17:39  Viking x2  
  190  17:40  Ghost  
  190  17:41  Ghost  
  198  17:47  Ghost  
  200  17:54  Marine x2  
  200  17:59  Supply Depot  
  200  18:01  Marine  
  200  18:12  Marine  
  197  18:15  Viking  
  200  18:26  Ghost x2  
  193  18:30  Ghost x2  
  193  18:31  Marine  
  193  18:32  Viking, Supply Depot, Marine  
  193  18:33  Supply Depot  
  153  18:56  Ghost  
  153  19:01  Marine x2  
  151  19:04  Marine  
  151  19:05  Marine  
  153  19:14  Marine x3  
  124  19:22  Marine x2  
  121  19:24  Marine  
Show
View Real Time Build Order
Export as new Build Order

HateMe Zerg - Winner!

Build Orders: Hatch First 

Get SALT Encoding   

  12  0:00  Drone  
  13  0:12  Overlord  
  13  0:18  Drone  
  14  0:31  Drone x2  
  16  0:49  Hatchery  
  15  0:52  Drone  
  15  0:56  Drone  
  17  0:59  Drone  
  18  1:10  Extractor  
  17  1:15  Spawning Pool  
  17  1:18  Drone  
  17  1:22  Drone  
  18  1:28  Drone  
  19  1:39  Drone  
  20  1:49  Overlord  
  20  2:02  Queen x2  
  20  2:03  Zergling x4  
  26  2:11  Drone  
  26  2:12  Drone  
  26  2:14  Metabolic Boost  
  28  2:22  Drone x2  
  30  2:34  Spore Crawler  
  29  2:42  Hatchery  
  29  2:48  Queen  
  29  2:51  Drone  
  32  2:55  Overlord  
  32  2:56  Drone  
  33  2:59  Drone  
  33  3:03  Drone  
  33  3:05  Drone  
  36  3:10  Overlord  
  36  3:13  Drone  
  36  3:14  Drone  
  36  3:16  Drone  
  39  3:21  Drone x2  
  39  3:22  Drone  
  42  3:30  Queen  
  42  3:31  Drone  
  45  3:36  Overlord  
  45  3:42  Zergling x4  
  45  3:45  Baneling Nest  
  46  3:53  Zergling x8  
  50  4:00  Queen  
  50  4:01  Overlord  
  52  4:06  Queen, Drone  
  52  4:08  Drone  
  52  4:09  Drone  
  57  4:12  Drone  
  58  4:18  Lair  
  58  4:20  Drone x2  
  60  4:24  Overlord  
  60  4:27  Drone  
  60  4:28  Drone  
  62  4:31  Drone x2  
  62  4:32  Drone  
  62  4:33  Drone  
  62  4:37  Drone x2  
  67  4:41  Zergling x4  
  67  4:43  Spore Crawler  
  67  4:45  Spore Crawler  
  67  4:47  Drone  
  67  4:49  Spore Crawler  
  67  4:51  Drone x2  
  68  4:54  Drone x2  
  68  4:59  Overlord  
  70  5:00  Drone x2  
  70  5:02  Drone  
  70  5:05  Drone x2  
  74  5:10  Drone  
  74  5:13  Overlord  
  74  5:14  Drone x2  
  74  5:15  Drone  
  74  5:17  Overseer  
  77  5:22  Zergling x10  
  80  5:29  Extractor x2  
  80  5:30  Extractor x2  
  80  5:32  Extractor  
  80  5:33  Evolution Chamber, Drone x4  
  80  5:34  Overseer  
  80  5:35  Evolution Chamber, Drone  
  77  5:37  Baneling x3  
  77  5:39  Baneling  
  77  5:40  Baneling, Drone  
  77  5:42  Drone x2  
  76  5:50  Zergling x12  
  76  5:53  Drone x2  
  76  5:55  Drone  
  78  5:57  Drone  
  78  6:03  Drone  
  76  6:06  Drone x2  
  78  6:17  Extractor  
  77  6:19  Drone x3  
  77  6:20  Hydralisk Den  
  77  6:25  Drone x2  
  81  6:29  Zerg Melee Weapons Level 1  
  81  6:30  Zerg Ground Armor Level 1  
  81  6:34  Hatchery, Drone x3  
  81  6:35  Drone  
  81  6:36  Drone x2  
  81  6:39  Overlord x2  
  86  6:40  Zergling x6  
  86  6:43  Centrifical Hooks  
  89  6:50  Zergling x4  
  91  6:58  Grooved Spines, Overlord  
  91  6:59  Baneling x3  
  91  7:00  Baneling x4  
  91  7:01  Zergling x8  
  96  7:08  Zergling x12  
  101  7:18  Overlord  
  101  7:19  Hydralisk x4  
  109  7:27  Overlord x2  
  109  7:28  Overlord  
  109  7:29  Hydralisk  
  109  7:30  Infestation Pit  
  109  7:33  Hydralisk  
  112  7:45  Hydralisk x6  
  124  7:56  Baneling x9  
  124  7:57  Zergling x10  
  129  8:01  Zergling x8  
  129  8:11  Hive  
  128  8:13  Zergling x16  
  128  8:19  Baneling x6  
  136  8:25  Zerg Melee Weapons Level 2  
  136  8:29  Zergling x12  
  136  8:30  Zergling x4  
  129  8:44  Zergling x26  
  127  8:51  Drone x5  
  127  8:54  Zerg Ground Armor Level 2  
  132  8:57  Drone x2  
  134  9:04  Muscular Augments  
  134  9:05  Drone x2  
  135  9:14  Hydralisk x3  
  141  9:19  Hatchery  
  141  9:20  Baneling x9  
  140  9:24  Viper  
  140  9:30  Viper  
  146  9:32  Overlord x2  
  146  9:34  Zergling x14  
  153  9:48  Adrenal Glands  
  151  9:53  Drone x3  
  151  9:56  Zergling x24  
  166  10:05  Overlord x2  
  166  10:07  Zergling x8  
  170  10:10  Baneling x17  
  169  10:18  Zergling x10  
  172  10:24  Zergling x10  
  172  10:28  Baneling x8  
  176  10:29  Zergling x14  
  176  10:33  Zergling x4  
  174  10:40  Zergling x6  
  169  10:45  Zergling x2  
  143  10:57  Zergling x8  
  136  11:05  Zerg Melee Weapons Level 3  
  136  11:10  Zergling x14  
  140  11:12  Zerg Ground Armor Level 3  
  140  11:17  Overlord  
  140  11:20  Drone x3  
  140  11:22  Extractor  
  140  11:24  Extractor, Viper x2  
  140  11:25  Drone  
  148  11:32  Drone x3  
  151  11:35  Drone x3  
  151  11:39  Zergling x10  
  159  11:41  Baneling x13  
  159  11:45  Zergling x12  
  165  11:49  Zergling x10  
  169  11:54  Zergling x8  
  169  11:57  Zergling x4  
  167  12:02  Zergling x6  
  170  12:09  Zergling x12  
  176  12:20  Zergling x14  
  183  12:25  Zergling x8  
  183  12:26  Hatchery  
  183  12:36  Zergling x16  
  189  12:38  Spire  
  189  12:42  Overseer  
  189  12:43  Pneumatized Carapace, Overseer  
  188  12:44  Zergling x16, Burrow  
  188  12:50  Baneling x10  
  196  12:53  Zergling x6  
  196  12:56  Baneling x18  
  169  13:15  Zergling x34  
  179  13:25  Viper x3  
  169  13:29  Zergling x10  
  160  13:38  Zergling x12  
  162  13:46  Zergling x2  
  162  13:47  Zergling x10  
  166  13:51  Zergling x12  
  166  13:54  Greater Spire  
  166  13:58  Zergling x6  
  169  14:07  Zerg Missile Weapons Level 1  
  169  14:08  Zergling x8  
  173  14:15  Baneling x14  
  173  14:17  Hatchery  
  173  14:21  Zergling x26  
  178  14:27  Hatchery  
  177  14:32  Drone x2  
  177  14:33  Drone x3  
  177  14:34  Zergling x6  
  185  14:40  Zergling x4  
  185  14:43  Zergling x6  
  190  14:52  Zergling x12  
  196  14:59  Zergling x2  
  198  15:00  Zergling x6  
  192  15:13  Baneling x9  
  192  15:14  Baneling x8, Zergling x16  
  199  15:32  Zergling x20  
  179  15:39  Zergling x6  
  179  15:40  Zergling x4  
  179  15:41  Zergling x2  
  155  15:46  Zergling x2  
  147  15:54  Corruptor x5  
  154  15:58  Corruptor x4  
  154  16:01  Zerg Flyer Weapons Level 1  
  154  16:04  Zergling x4  
  162  16:09  Zergling x8  
  162  16:11  Zergling x2  
  160  16:22  Zergling x18  
  169  16:26  Baneling Nest  
  169  16:28  Brood Lord  
  170  16:35  Brood Lord x4  
  170  16:36  Corruptor, Brood Lord x4  
  170  16:37  Corruptor x3  
  170  16:38  Overseer  
  194  16:43  Zergling x10  
  199  16:59  Zerg Missile Weapons Level 2  
  199  17:05  Spore Crawler  
  199  17:06  Spore Crawler x2  
  196  17:11  Zergling x6  
  196  17:12  Hatchery  
  196  17:14  Hatchery  
  193  17:23  Zergling x14  
  200  17:37  Baneling x13  
  200  17:38  Baneling x9  
  200  17:40  Overseer  
  193  17:54  Zergling x18  
  195  18:18  Zergling x2  
  195  18:19  Zergling x6  
  198  18:31  Zergling x6  
  198  18:32  Zergling x28  
  197  18:46  Zergling x8  
  197  18:48  Baneling x20  
  187  18:56  Zergling x16  
  187  18:59  Zergling x6  
  191  19:07  Zergling x12  
  188  19:13  Overseer  
  159  19:26  Zergling x18  
  159  19:27  Zergling x2  
Tags
 
Add a new tag
Caveats
  • Supply blocks, unpowered buildings, or Contaminate may cause inaccurate times.
  • Supply counts are checked every 10 seconds.